 Dungeon Crawl Stone Soup version 0.20-a0-1058-g0491fde (webtiles) character file.

91 alfred1011 the Sneak (level 4, -5/21 HPs)
             Began as a Spriggan Enchanter on Apr 26, 2017.
             Killed from afar by a white imp (11 damage)
             ... with a puff of frost
             ... summoned by Natasha
             ... on level 2 of the Dungeon.
             The game lasted 00:07:24 (2031 turns).

alfred1011 the Sneak (Spriggan Enchanter)           Turns: 2031, Time: 00:07:24

Health: -5/21      AC:  8    Str:  4    XL:     4   Next: 33%
Magic:  1/9        EV: 18    Int: 16    God:
Gold:   119        SH:  0    Dex: 17    Spells: 6/9 levels left

rFire    . . .     SeeInvis +   a - +1 dagger
rCold    . . .     Gourm    .   (shield restricted)
rNeg     . . .     Faith    .   b - +0 robe
rPois    .         Spirit   .   (helmet restricted)
rElec    .         Reflect  .   (no cloak)
rCorr    .         Harm     .   (gloves unavailable)
MR       .....                  (boots unavailable)
Stlth    +++.......             (no amulet)
Regen    0.1/turn               e - +6 ring of protection
MPRegen  0.2/turn               (no ring)

@: very slightly contaminated, very quick
A: unfitting armour, see invisible, herbivore 3, speed 3, slow metabolism 2
a: no special abilities


You were on level 2 of the Dungeon.
You were not hungry.

You visited 1 branch of the dungeon, and saw 2 of its levels.

You collected 119 gold pieces.

Inventory:

Hand Weapons
 a - a +1 dagger (weapon)
Armour
 b - a +0 robe (worn)
Jewellery
 e - a +6 ring of protection (left hand)
Scrolls
 g - a scroll of blinking {unknown}
 h - 2 scrolls of fog {unknown}
 k - a scroll of identify {unknown}
 l - a scroll of enchant weapon {unknown}
Potions
 i - a potion of invisibility {unknown}
 j - a potion of agility {unknown}
Books
 c - a book of Maledictions

   Spells                             Type                      Level
   a - Corona                         Hexes                        1
   b - Ensorcelled Hibernation        Hexes/Ice                    2
   c - Confuse                        Hexes                        3
   d - Tukima's Dance                 Hexes                        3
   e - Dazzling Spray                 Conjuration/Hexes            3
Comestibles
 d - 2 bread rations
 f - 2 royal jellies


   Skills:
 * Level 2.4 Short Blades
 - Level 3.0 Dodging
 * Level 6.1 Stealth
 + Level 3.1 Spellcasting
 + Level 4.3 Hexes


You had 6 spell levels left.
You knew the following spells:

 Your Spells              Type           Power        Failure   Level  Hunger
a - Corona                Hex            ###....      3%          1    None
b - Ensorcelled Hibernat  Hex/Ice        #.....       12%         2    ##.....


Dungeon Overview and Level Annotations

Branches:
Dungeon (2/15)

Altars:

Annotations:
D:2 Natasha


Innate Abilities, Weirdness & Mutations

You are very small and have problems with some larger weapons.
You are too small for most types of armour.
You have supernaturally acute eyesight. (SInv)
You are a herbivore.
You cover ground extremely quickly.
You need consume almost no food.


Message History

The white imp gestures at you. The puff of frost hits you!
Natasha casts a spell.
Casting: Ensorcelled Hibernation
Confirm with . or Enter, or press ? or * to list all spells.
Aiming: Ensorcelled Hibernation
Press: ? - help, Shift-Dir - straight line, f/p - Natasha
Aim: Natasha (chance to defeat MR: 40%) Natasha resists with some effort.
The white imp barely misses you. Natasha claws you.
Casting: Ensorcelled Hibernation
Confirm with . or Enter, or press ? or * to list all spells.
You don't have enough magic to cast that spell.
The white imp gestures at you. The puff of frost hits you!
* * * LOW HITPOINT WARNING * * *
The white imp gestures at you. The puff of frost hits you!
Ouch! That really hurt!
You die...

#####.###.####...###........#..#.
#.# #....#......#.##.##.....# #.#
####................#...# #.#
###..............#.... #.# ##
##..>.÷.........≈♣.. #.# #.#
#.....<.......≈≈≈#. #.#
#.............≈≈≈##
#.##............(≈≈≈..
####.#.@5...........P♣.>
#........h..............
#...##...5..............
###.....###.............
.####....................
........####.............
P.###.#.####.#...........
#.##...#..#÷.......... #.#
###.#.###......#.#.


You could see Natasha and 2 white imps.

Vanquished Creatures
  Jessica (D:2)
  Natasha (D:2)
  A worm (D:2)
  2 dart slugs
  A giant cockroach (D:2)
  3 goblins (D:1)
  2 hobgoblins (D:1)
  7 jackals
  4 bats
  5 frilled lizards
  4 kobolds
  4 rats
35 creatures vanquished.

Notes
Turn   | Place    | Note
-------+----------+-------------------------------------------
     0 | D:1      | alfred1011 the Spriggan Enchanter began the quest for the Orb.
     0 | D:1      | Reached XP level 1. HP: 9/9 MP: 5/5
   622 | D:1      | Reached XP level 2. HP: 7/13 MP: 4/6
   963 | D:1      | Reached skill level 5 in Stealth
   967 | D:1      | Learned a level 2 spell: Ensorcelled Hibernation
  1403 | D:2      | Noticed Jessica
  1411 | D:2      | Killed Jessica
  1411 | D:2      | Reached XP level 3. HP: 16/16 MP: 8/8
  1925 | D:2      | Noticed Natasha
  1930 | D:2      | Killed Natasha
  1930 | D:2      | Reached skill level 6 in Stealth
  1930 | D:2      | Reached XP level 4. HP: 21/21 MP: 6/9
  2018 | D:2      | Noticed Natasha
  2031 | D:2      | Killed from afar by a white imp

Vault maps used:
D:1:      tarquinn_simple_flora_water_a, serial_bayou_crossing
D:2:      serial_bayou, serial_bayou_pond_e, serial_bayou_lagoon_a,
          serial_bayou_ford_a, serial_bayou_pond_b, uniq_jessica, uniq_natasha

Skill      XL: |  1  2  3 |
---------------+----------+-----
Stealth        | 5 6 |  6.1
Hexes          | 4 |  4.3
Short Blades   | 2 |  2.4
Spellcasting   | 3 |  3.1
Dodging        | |  3.0

Action                   |  1- 3 |  4- 6 || total
-------------------------+-------+-------++-------
Melee: Dagger            |   170 |     1 ||   171
 Cast: Corona            |    14 |       ||    14
       Ensorcelled Hiber |     9 |     3 ||    12
 Stab: Sleeping          |    12 |     1 ||    13
Armor: Robe              |    67 |       ||    67
Dodge: Dodged            |   298 |     2 ||   300
